 Dungeon Crawl Stone Soup version 0.18-a0-1372-gd644665 (webtiles) character file.

18 Duffy the Sneak (level 2, 0/13 HPs)
             Began as a Vine Stalker Enchanter on Feb 21, 2016.
             Slain by Ijyb (1 damage)
             ... on level 2 of the Dungeon.
             The game lasted 00:00:56 (690 turns).

Duffy the Sneak (Vine Stalker Enchanter)             Turns: 690, Time: 00:00:56

Health: 0/13       AC:  3    Str: 10    XL:     2   Next: 70%
Magic:  0/6        EV: 12    Int: 15    God:
Gold:   40         SH:  0    Dex: 14    Spells: 1 memorised, 4 levels left

rFire  . . .     SeeInvis .     a - +1 dagger
rCold  . . .     Gourm    .     b - +1 robe
rNeg   . . .     Faith    .     (no shield)
rPois  .         Spirit   +     (no helmet)
rElec  .         Dismiss  .     (no cloak)
rCorr  .         Reflect  .     (no gloves)
SustAt .         Harm     .     (no boots)
MR     .....                    (no amulet)
Stlth  +++.......               (no ring)
                                (no ring)

@: not resistant to hostile enchantments, fairly stealthy
A: fangs 2, regeneration 1, magic shield, antimagic bite, no device heal 3, rot
immunity
a: no special abilities


You were on level 2 of the Dungeon.
You were not hungry.

You visited 1 branch of the dungeon, and saw 2 of its levels.

You collected 40 gold pieces.


Innate Abilities, Weirdness & Mutations

You have extremely sharp teeth.
Your natural rate of healing is unusually fast.
When hurt, damage is shared between your health and your magic reserves.
Your bite disrupts and absorbs the magic of your enemies.
Potions and wands cannot restore your health.
You are immune to rotting.


   Skills:
 - Level 1.7 Short Blades
 - Level 1.5 Dodging
 + Level 4.3 Stealth
 - Level 2.1 Spellcasting
 - Level 3.0 Hexes


You had 4 spell levels left.
You knew the following spells:

 Your Spells              Type           Power        Failure   Level  Hunger
r - Corona                Hex            ##.....      8%          1    #......

Inventory:

Hand Weapons
 a - a +1 dagger (weapon)
Missiles
 n - 11 poisoned needles
Armour
 b - a +1 robe (worn)
Scrolls
 e - 2 scrolls of immolation {unknown}
 g - 2 scrolls of blinking {unknown}
 i - a scroll of fog {unknown}
 l - a scroll of remove curse {unknown}
 m - a scroll of teleportation {unknown}
Potions
 f - 2 potions of heal wounds {unknown}
 h - a potion of brilliance {unknown}
 j - a potion of ambrosia {unknown}
Books
 c - a book of Maledictions
Comestibles
 d - a bread ration
 k - a beef jerky

Dungeon Overview and Level Annotations

Branches:
Dungeon (2/15)

Altars:

Annotations:
D:2 Ijyb


Message History

Ijyb is heavily wounded.
Ijyb barely misses you.
You hit Ijyb.
Ijyb is severely wounded.
Ijyb zaps a wand.
You suddenly lose the ability to move!
Ijyb zaps a wand.
Nothing appears to happen.
Ijyb hits you. Ijyb hits you. x4
You can move again.
You are too injured to fight recklessly!
You are too injured to fight recklessly!
You are too injured to fight recklessly!
You are too injured to fight recklessly!
You are too injured to fight recklessly!
You are too injured to fight recklessly!
You are too injured to fight recklessly!
You are too injured to fight recklessly!
You are too injured to fight recklessly!
You are too injured to fight recklessly!
You are too injured to fight recklessly!
You are too injured to fight recklessly!
You are too injured to fight recklessly!
You are too injured to fight recklessly!
You are too injured to fight recklessly!
You hit Ijyb but do no damage. Your bite misses Ijyb.
Ijyb is severely wounded.
Ijyb closely misses you.
You closely miss Ijyb. Your bite misses Ijyb.
Ijyb is severely wounded.
Ijyb hits you.
You hit Ijyb. Your bite misses Ijyb.
Ijyb is severely wounded.
Ijyb screams, "Get away!"
Ijyb hits you.
You die...

... ... ...
#s# #r# #b#
#g# #@# #.#
#.# #.# #.#
#### #.#
..#######.#
#.##......#
#.##.######


You could see Ijyb, a quokka, a giant cockroach and a bat.

Action                   || total
-------------------------++-------
Melee: Dagger            ||    60
 Stab: Sleeping          ||     3

Notes
Turn   | Place    | Note
--------------------------------------------------------------
     0 | D:1      | Duffy the Vine Stalker Enchanter began the quest for the Orb.
     0 | D:1      | Reached XP level 1. HP: 9/9 MP: 4/4
    45 | D:1      | Reached skill level 1 in Short Blades
   424 | D:1      | Reached skill level 4 in Stealth
   424 | D:1      | Reached XP level 2. HP: 11/13 MP: 4/6
   634 | D:2      | Noticed Ijyb
   644 | D:2      | Paralysed by Ijyb for 2 turns
   652 | D:2      | Paralysed by Ijyb for 7 turns
   672 | D:2      | Paralysed by Ijyb for 2 turns
   681 | D:2      | Paralysed by Ijyb for 7 turns
   690 | D:2      | Slain by Ijyb

Vault maps used:
D:1:      minmay_arrival_wavy_path, hangedman_glass_teeth
D:2:      minmay_misc_feat_square, uniq_iyjb

Vanquished Creatures
  An adder
  A bat
  A hobgoblin
  A ball python
  3 goblins
  A kobold
  2 rats
10 creatures vanquished.
